 Dungeon Crawl Stone Soup version 0.30-a0-782-ge64f9170bb (webtiles) character file.

Game seed: 8023193559918667571

257 Engwar the Sneak (level 5, 0/25 HPs)
             Began as a Felid Delver on Feb 22, 2023.
             Was an Initiate of Gozag.
             Slain by a goblin
             ... wielding a +0 dagger
             ... led by Robin
              (2 damage)
             ... on level 3 of the Dungeon.
             The game lasted 00:14:15 (3568 turns).

Engwar the Sneak (Felid Delver)                     Turns: 3568, Time: 00:14:17

Health: 0/25       AC:  2    Str:  8    XL:     5   Next: 93%
Magic:  6/6        EV: 20    Int: 13    God:    Gozag
Gold:   647        SH:  0    Dex: 18    Spells: 4/4 levels left
                                        Lives:  0   Deaths: 1

rFire   . . .      SeeInvis +      - Unarmed
rCold   + . .      Faith    .    (shield unavailable)
rNeg    . . .      Spirit   .    (body armour unavailable)
rPois   .          Reflect  .    (helmet unavailable)
rElec   .          Harm     .    (cloak unavailable)
rCorr   .          Rampage  .    (gloves unavailable)
Will    .....                    (boots unavailable)
Stlth   ++++                     (no amulet)
HPRegen 0.24/turn                o - ring of protection from cold
MPRegen 0.10/turn                (no ring)

@: gold aura, quick
A: very small, claws 1, fangs 3, see invisible, speed 1, shaggy fur 2, stealthy
paws, no weapons or thrown items, no armour, multi-lived
a: Renounce Religion, Potion Petition, Call Merchant, Bribe Branch


You were on level 3 of the Dungeon.
You worshipped Gozag.
Gozag was pleased with you.
You visited 2 branches of the dungeon, and saw 7 of its levels.

You collected 676 gold pieces.
You paid 29 gold pieces to Gozag.

Inventory:

Jewellery
 o - a ring of protection from cold (left paw)
Wands
 e - a wand of digging (3)
 i - a wand of polymorph (7)
Scrolls
 b - a scroll of teleportation
 c - a scroll of fear
 f - a scroll of torment {unknown}
 g - a scroll of blinking {unknown}
 j - a scroll of immolation {unknown}
 k - a scroll of poison
 m - a scroll of amnesia
 p - a scroll of enchant armour {unknown}
Potions
 a - a potion of heal wounds
 d - a potion of haste
 h - 2 potions of ambrosia
 l - 3 potions of curing
 n - a potion of brilliance


   Skills:
 + Level 4.5 Fighting
 + Level 5.2 Dodging
 - Level 6.9 Stealth
 + Level 3.9 Unarmed Combat
 + Level 3.0 Evocations


You had 4 spell levels left.
You didn't know any spells.
Your spell library was empty.

Dungeon Overview and Level Annotations

Branches:
Dungeon (6/15)             Temple (1/1) D:5

Altars:
Ashenzari
Fedhas
Gozag
Makhleb
Wu Jian
Zin

Annotations:
D:3 Robin


Innate Abilities, Weirdness & Mutations

You have sharp claws.
You have razor-sharp teeth.
You have supernaturally acute eyesight. (SInv)
You cover ground quickly. (Speed+)
You are covered in thick fur. (AC +2)
Your paws help you pounce on unaware monsters.
You are incapable of wielding weapons or throwing items.
You cannot wear armour.
You gain extra lives every three experience levels.


Message History

Key pressed, stopping explore.
A goblin is nearby!
The goblin shouts!
You hear a shout!
The hobgoblin shouts!
The goblin shouts!
Robin shouts!
You hear a shout!
You barely miss the goblin. You bite the goblin.
You kill the goblin!
Robin roars a battlecry!
The goblins go into a battle-frenzy!
Robin throws the goblin at you! The goblin barely misses you.
You closely miss the goblin. The goblin completely misses you.
You barely miss the goblin. You closely miss the goblin.
The goblin completely misses you.
You barely miss the goblin. The goblin misses you.
You scratch the goblin.
The goblin is severely wounded.
The goblin misses you. The goblin completely misses you.
You scratch the goblin but do no damage.
The goblin is severely wounded.
Robin misses you. The goblin closely misses you.
You barely miss the goblin.
The goblin is severely wounded.
Robin barely misses you. The hobgoblin misses you. The goblin misses you.
The goblin hits you but does no damage. The hobgoblin completely misses you.
You barely miss the goblin.
The goblin is heavily wounded.
Robin hits you with a +0 dagger. The hobgoblin barely misses you.
The goblin hits you with a +0 dagger. The goblin barely misses you.
The hobgoblin barely misses you.
You closely miss the goblin.
The goblin is heavily wounded.
Robin hits you with a +0 dagger. The hobgoblin misses you.
The goblin hits you with a +0 dagger. x2; The hobgoblin closely misses you.
You claw the goblin!
You kill the goblin!
Robin closely misses you. The hobgoblin misses you.
The goblin completely misses you. The hobgoblin hits you!
* * * LOW HITPOINT WARNING * * *
The goblin hits you with a +0 dagger.
You die...
Your body crumbles into a pile of gold.

...#)....##############.## #....
.........>##....g...# #.#####.###
...........#.######.# #.......#
.............#....#.# ######..#
.............#.##.#.# #..#
..................#g#### #..# #
..................#.##.# #..# #
...........$....###.##.#####..# #
..........>...gg@...##.....#..# #
...............g##########.######
...............g................#
........[........#####.#........#
.<...............##.............#
.................##.............#
...............#.##.............#
...............#.###............#
.............#.#.# #.....######.#


You could see Robin, 2 hobgoblins and a goblin (strong).

Vanquished Creatures
  3 scorpions (D:5)
  A jelly (D:5)
  Terence (D:2)
  An iguana (D:5)
  3 gnolls (D:2)
  3 adders
  A worm (D:3)
  A dart slug (D:3)
  4 orcs
  A ball python (D:1)
  8 bats
  7 endoplasms
  6 giant cockroaches
  8 hobgoblins
  9 jackals (D:1)
  4 quokkas
  A frilled lizard (D:2)
  16 goblins
  7 kobolds
  2 rats (D:1)
87 creatures vanquished.

Notes
Turn   | Place    | Note
-------+----------+-------------------------------------------
     0 | D:5      | Engwar the Felid Delver began the quest for the Orb.
     0 | D:5      | Reached XP level 1. HP: 10/10 MP: 2/2
    80 | D:5      | Noticed a scorpion
    83 | D:5      | Killed a scorpion
    84 | D:5      | Reached skill level 1 in Evocations
    84 | D:5      | Reached XP level 2. HP: 14/14 MP: 3/3
    84 | D:5      | Reached XP level 3. HP: 17/17 MP: 4/4
   127 | D:5      | Noticed a scorpion
   129 | D:5      | Killed a scorpion
   130 | D:5      | Reached XP level 4. HP: 22/22 MP: 5/5
   159 | D:5      | Noticed an ogre
   163 | D:5      | Found a staircase to the Ecumenical Temple.
   363 | D:6      | Noticed an ice beast
   522 | Temple   | Entered the Ecumenical Temple
   541 | Temple   | Became a worshipper of Gozag Ym Sagoz the Greedy
   590 | D:5      | Noticed a scorpion
   599 | D:5      | Killed a scorpion
   600 | D:5      | Reached XP level 5. HP: 11/25 MP: 6/6
  1235 | D:5      | Noticed a centaur
  1489 | D:3      | Noticed Robin
  1645 | D:1      | Gained mutation: You are covered in thick fur. (AC +2)
                  | [Felid growth]
  1645 | D:1      | Reached XP level 6. HP: 28/28 MP: 7/7
  2267 | D:2      | Noticed Terence
  2386 | D:2      | HP: 1/29 [poisoned by a gnoll]
  2387 | D:1      | Succumbed to a gnoll's poison
  2388 | D:1      | Reached XP level 5. HP: -3/25 MP: 6/6
  2487 | D:2      | Reached skill level 5 in Dodging
  2715 | D:2      | Killed Terence
  2842 | D:2      | Found a blossoming altar of Fedhas.
  3568 | D:3      | Slain by a goblin

Illustrated notes

Levels and vault maps discovered:
D:1:      pf_arrival_petrified_forest, layout_basic
D:2:      layout_basic, basic_altar, grunt_decor_junction, uniq_terence
D:3:      layout_basic, uniq_robin
D:4:      layout_cave_pools
D:5:      layout_basic, minmay_temple_entry_junction
D:6:      layout_basic
Temple:   minmay_crystal_snake_temple

Skill      XL: |  1  2  3  4  5 |
---------------+----------------+-----
Dodging        | 3 4 5 |  5.2
Evocations     | 1 2 3 |  3.0
Unarmed Combat | 3 |  3.9
Fighting       | 4 |  4.5
Stealth        | |  6.9

Action                     |  1- 3 |  4- 6 || total
---------------------------+-------+-------++-------
  Melee: Unarmed           |     2 |   239 ||   241
         Bite              |       |    18 ||    18
         Punch             |       |     6 ||     6
    Use: Scroll            |       |    11 ||    11
         Potion            |       |     2 ||     2
   Stab: Sleeping          |     2 |    16 ||    18
         Distracted        |       |     1 ||     1
 Armour: Skin              |       |    26 ||    26
  Dodge: Dodged            |       |   223 ||   223

Table legend: (Time is in decaauts)
 A = Elapsed time spent in this place.
 B = Non-inter-level travel time spent in this place.
 C = Inter-level travel time spent in this place.
 D = Time resting spent in this place.
 E = Time spent auto-exploring this place.
 F = Levels seen in this place.
 G = Mean time per level.
                   A        B        C        D        E       F      G
               +--------+--------+--------+--------+--------+-----+--------+
         Total |   2977 |   2864 |    113 |    153 |   1454 |   7 |  425.3 |
       Dungeon |   2945 |   2832 |    113 |    153 |   1447 |   6 |  490.8 |
        Temple |     31 |     31 |      0 |      0 |      7 |   1 |   31.0 |
               +--------+--------+--------+--------+--------+-----+--------+

Top non-repeatable levels by time:
     D:5: 835 daAuts
     D:3: 663 daAuts
     D:2: 594 daAuts
     D:1: 588 daAuts
     D:6: 212 daAuts
     D:4: 50 daAuts
  Temple: 31 daAuts
